 Dungeon Crawl Stone Soup version 0.30.1 (webtiles) character file.

Game seed: 8444919065625874980

3399 anacleto the Thrower (level 9, -24/88 HPs)
             Began as a Troll Berserker on July 8, 2023.
             Was an Elder of Trog.
             Annihilated by a komodo dragon (30 damage)
             ... on level 9 of the Dungeon.
             The game lasted 00:19:17 (6988 turns).

anacleto the Thrower (Troll Berserker)              Turns: 6988, Time: 00:19:18

Health: -24/88     AC:  6    Str: 31    XL:     9   Next: 75%
Magic:  8/8        EV:  9    Int:  3    God:    Trog [****..]
Gold:   83         SH:  0    Dex:  9    Spells: 8/8 levels left

rFire   . .          .
                       - Unarmed
rCold   . . .        (no shield)
rNeg    . . .        v - +0 troll leather armour
rPois   .            (helmet restricted)
rElec   .            (no cloak)
rCorr   .            (gloves unavailable)
SInv    .            (boots unavailable)
Will    .....        (no amulet)
Stlth   +            (no ring)
HPRegen 1.94/turn    (no ring)
MPRegen 0.11/turn

%: no passive effects
@: studying Throwing
A: large, unfitting armour, claws 3, regeneration 1, shaggy fur 1, tough skin 1
a: Renounce Religion, Berserk, Trog's Hand, Brothers in Arms


You were on level 9 of the Dungeon.
You worshipped Trog.
Trog was greatly pleased with you.
You visited 1 branch of the dungeon, and saw 9 of its levels.

You collected 422 gold pieces.
You spent 339 gold pieces at shops.

Inventory:

Missiles
 g - 2 javelins
 k - 5 curare-tipped darts (quivered)
 p - 4 boomerangs of dispersal
 t - 14 poisoned darts
Armour
 a - a +0 animal skin
 v - a +0 troll leather armour (worn)
Jewellery
 f - a ring of protection from fire
 x - a +6 ring of intelligence
 D - an amulet of reflection
 E - a ring of positive energy
 F - a ring of poison resistance
 H - a +4 ring of protection
Wands
 e - a wand of digging (3)
 q - a wand of acid (12)
 A - a wand of charming (2)
Scrolls
 b - 2 scrolls of immolation
 o - 3 scrolls of poison
 s - a scroll of blinking {unknown}
 u - a scroll of enchant weapon
 y - 3 scrolls of fear
 z - 2 scrolls of teleportation
 C - a scroll of magic mapping {unknown}
 G - 2 scrolls of identify
 I - a scroll of butterflies
Potions
 c - a potion of attraction {unknown}
 d - 6 potions of curing
 h - a potion of berserk rage {unknown}
 i - 5 potions of flight {unknown}
 j - 3 potions of haste
 l - a potion of brilliance {unknown}
 m - 2 potions of lignification {unknown}
 n - 2 potions of heal wounds {unknown}
 r - a potion of degeneration {unknown}
 w - a potion of might
 B - 2 potions of ambrosia {unknown}
 J - a potion of invisibility {unknown}


   Skills:
 - Level 5.4 Fighting
 + Level 11.0 Throwing
 - Level 2.4 Dodging
 - Level 9.0 Unarmed Combat


You had 8 spell levels left.
You didn't know any spells.
Your spell library was empty.

Dungeon Overview and Level Annotations

Branches:
Dungeon (9/15)             Temple (0/1) D:5            Lair (0/5) D:9
    Orc: D:9-12

Altars:
Dithmenos
Wu Jian
Xom
Yredelemnul
Zin
The Shining One

Shops:
D:1 (   D:2 ?[   D:6 ?   D:8 :!


Innate Abilities, Weirdness & Mutations

You are too large for most types of armour.
You have claws for hands.
Your natural rate of healing is unusually fast.
You are covered in fur. (AC +1)
You have tough skin. (AC +1)


Message History

The gnoll hits you with a +0 spear. The gnoll hits you but does no damage.
The gnoll sergeant hits you from afar with a +0 spear.
You claw the gnoll!
You kill the gnoll!
Trog accepts your kill.
The gnoll hits you from afar with a +0 spear.
The gnoll sergeant hits you from afar with a +0 spear.
The gnoll closely misses you. The gnoll sergeant closely misses you.
Items here: )))) ††††.
Found a leather armour.
The gnoll hits you but does no damage.
The gnoll sergeant hits you with a +0 spear.
The gnoll attacks as you move away! The gnoll closely misses you. x2
The gnoll sergeant hits you from afar with a +0 spear.
The gnoll hits you but does no damage.
The gnoll sergeant hits you but does no damage.
You claw the gnoll!
You kill the gnoll!
Trog accepts your kill.
The gnoll sergeant hits you but does no damage.
You scratch the gnoll sergeant.
The gnoll sergeant is moderately wounded.
The gnoll sergeant hits you with a +0 spear!
The komodo dragon bites you!
You scratch the gnoll sergeant.
The gnoll sergeant is heavily wounded.
The gnoll sergeant hits you but does no damage.
You mangle the gnoll sergeant!!
You kill the gnoll sergeant!
Trog accepts your kill. The komodo dragon bites you!
Your Throwing skill increases to level 11!
You claw the komodo dragon!
The komodo dragon is moderately wounded.
The komodo dragon bites you!!
* * * LOW HITPOINT WARNING * * *
You scratch the komodo dragon but do no damage.
You claw the komodo dragon.
The komodo dragon is moderately wounded.
The komodo dragon bites you!!
You die...

#....# ....# #....#
...###
...########....########
...#...#..#....#.......
...#...'..#....#......
...'...#..#....#....
...#'###.##l...##'######+
######.....####l)........
#...P..P..##)@........
#......PPP.P#..........
+.....PPPPPPP#..........
....PPPP.l.PP#..........
#.P.PPP..>.PP#..........
##PPPPPP...PP#..########


##PPPPPPPPP##..# #.[# ... You could see a komodo dragon.

Vanquished Creatures
  Pikel (D:6)
  A troll (D:7)
  Prince Ribbit (D:6)
  A wyvern (D:5)
  3 water moccasins
  A black bear (D:6)
  An orc warrior (D:8)
  A sky beast (D:7)
  An ice beast (D:8)
  A centaur (D:8)
  2 phantoms
  2 kobold brigands
  A gnoll sergeant (D:9)
  3 bullfrogs (D:8)
  5 killer bees
  8 hounds
  A jelly (D:5)
  4 orc priests
  A gnoll bouda (D:6)
  2 iguanas
  4 orc wizards
  14 gnolls
  5 adders
  A shadow imp (D:5)
  3 white imps
  2 worms
  A dart slug (D:2)
  32 orcs
  11 ball pythons
  9 endoplasms
  2 giant cockroaches (D:4)
  8 hobgoblins
  8 jackals
  11 kobolds
  5 quokkas
  3 bats
  5 goblins
  3 rats
168 creatures vanquished.

Vanquished Creatures (others)
  An angel (D:3)
  An orc (D:6)
  2 kobolds (D:6)
4 creatures vanquished.

Grand Total: 172 creatures vanquished

Notes
Turn   | Place    | Note
-------+----------+-------------------------------------------
     0 | D:1      | anacleto the Troll Berserker began the quest for the Orb.
     0 | D:1      | Reached XP level 1. HP: 22/22 MP: 0/0
   177 | D:1      | Reached XP level 2. HP: 29/29 MP: 1/1
   181 | D:1      | Found Seuguely's Weapon Shoppe.
   619 | D:2      | Found Mima's Armour Boutique.
   709 | D:2      | Reached XP level 3. HP: 36/36 MP: 2/2
   801 | D:2      | Found Tedus's Antique Armour Emporium.
  1058 | D:2      | Found Bafau's Magic Scroll Boutique.
  1066 | D:2      | Bought a scroll of butterflies for 56 gold pieces
  1265 | D:3      | Noticed an angel
  1265 | D:3      | Found a glowing silver altar of Zin.
  1265 | D:3      | Found a shimmering altar of Xom.
  1480 | D:3      | Reached ** piety under Trog
  1618 | D:3      | Found a faded altar of an unknown god.
  1665 | D:3      | Reached XP level 4. HP: 44/44 MP: 3/3
  1706 | D:3      | Killed an angel
  1725 | D:3      | Reached skill level 1 in Throwing
  2303 | D:4      | Reached XP level 5. HP: 53/53 MP: 4/4
  2440 | D:4      | Found an ornate altar of the Wu Jian Council.
  2467 | D:4      | Reached skill level 5 in Unarmed Combat
  2537 | D:4      | Identified the +5 rapier of Wrath {freeze, rN++ Str+2}
  2630 | D:4      | Found a shadowy altar of Dithmenos.
  2697 | D:4      | Found a basalt altar of Yredelemnul.
  2986 | D:5      | Entered Level 5 of the Dungeon
  2999 | D:5      | You fall into a shaft and drop 2 floors!
  3040 | D:7      | Reached skill level 2 in Throwing
  3040 | D:7      | Reached XP level 6. HP: 45/61 MP: 5/5
  3138 | D:7      | Noticed a sky beast
  3160 | D:7      | Killed a sky beast
  3294 | D:7      | Noticed a troll
  3303 | D:7      | Killed a troll
  3304 | D:7      | Reached skill level 3 in Throwing
  3304 | D:7      | Reached XP level 7. HP: 70/70 MP: 6/6
  3454 | D:6      | Noticed Prince Ribbit
  3475 | D:6      | Killed Prince Ribbit
  3553 | D:6      | Reached XP level 8. HP: 62/79 MP: 7/7
  3720 | D:6      | Noticed Pikel
  3732 | D:6      | Killed Pikel
  3733 | D:6      | Reached skill level 5 in Fighting
  3733 | D:6      | Reached skill level 4 in Throwing
  3973 | D:5      | Found a glowing golden altar of the Shining One.
  4036 | D:5      | Reached *** piety under Trog
  4702 | D:2      | Bought 3 scrolls of fear for 168 gold pieces
  4702 | D:2      | Bought a scroll of teleportation for 42 gold pieces
  4872 | D:5      | Found a staircase to the Ecumenical Temple.
  5008 | D:6      | Found Orphyb Jodu's Magic Scroll Boutique.
  5051 | D:6      | Reached XP level 9. HP: 88/88 MP: 8/8
  5052 | D:6      | Bought a scroll of identify for 20 gold pieces
  5054 | D:6      | Bought a scroll of identify for 20 gold pieces
  5054 | D:6      | Identified a scroll of acquirement
  5063 | D:6      | Acquired a manual of Throwing
  5112 | D:6      | Reached skill level 5 in Throwing
  5350 | D:6      | Reached skill level 6 in Throwing
  5651 | D:8      | Reached skill level 7 in Throwing
  5652 | D:8      | Reached **** piety under Trog
  5785 | D:8      | Reached skill level 8 in Throwing
  5940 | D:8      | Found Rasutyh's Book Shop.
  6245 | D:8      | Reached skill level 9 in Throwing
  6281 | D:8      | Found Uhog's Distillery.
  6284 | D:8      | Bought a potion of curing for 33 gold pieces
  6346 | D:8      | Reached skill level 10 in Throwing
  6959 | D:9      | Found a staircase to the Lair.
  6960 | D:9      | Noticed a komodo dragon
  6987 | D:9      | Reached skill level 11 in Throwing
  6987 | D:9      | HP: 4/88 [komodo dragon (29)]
  6988 | D:9      | Annihilated by a komodo dragon

Illustrated notes

Levels and vault maps discovered:
D:1:      matt_arrival_diagonals, layout_rooms, serial_shops, shop_statue,
          minmay_misc_feat_pillars
D:2:      layout_rooms, serial_shops, shop, nicolae_shop_waterfront,
          nicolae_shop_real_fake_doors, kennysheep_small_spiral, st_stairs_10
D:3:      layout_loops_corners, grunt_temple_overflow_order_and_chaos_1,
          dreamdust_ecumenical_altar_hidden_monk_grotto
D:4:      layout_rooms, mainiacjoe_overflow_cross_hatched,
          nicolae_dithmenos_the_darkroom, kennysheep_little_box,
          grunt_ministairs_8
D:5:      layout_loops_corners, nicolae_tso_swordbearing_angel,
          minmay_temple_entry_antechambers, kennysheep_small_square
D:6:      corexii_shack_village, layout_basic, serial_shops,
          nicolae_shop_statue_plus, dk_vineyard_3, uniq_prince_ribbit1,
          uniq_pikel
D:7:      layout_basic, mainiacjoe_overflow_concentric_impassable
D:8:      layout_rooms, serial_shops, shop, nicolae_shop_tiny_real_fake_doors,
          serial_co_window_serial, co_window_of_opportunity_a,
          co_window_paths_b, co_window_paths_a, co_window_of_opportunity_a,
          co_window_paths_a, co_window_paths_a, co_window_unsneaky_path_c,
          co_window_unsneaky_path_c, co_window_2corner, co_window_cross_2,
          co_window_corner_ca, co_window_broadway_b, co_window_2corner,
          co_window_paths_d, glass_columns_c, glass_columns_a, glass_columns_b,
          minmay_checkerbox
D:9:      layout_gridville, nzn_hepliaklqana_mist_gate,
          makhleb_altar_promises_db, david_lair_shrubbed

Skill      XL: |  1  2  3  4  5  6  7  8  9 |
---------------+----------------------------+-----
Unarmed Combat | 4 5 6 7 9 |  9.0
Fighting       | 3 4 5 |  5.4
Throwing       | 1 2 3 4 11 | 11.0
Dodging        | |  2.4

Action                     |  1- 3 |  4- 6 |  7- 9 || total
---------------------------+-------+-------+-------++-------
  Melee: Unarmed           |   110 |    89 |   252 ||   451
         Punch             |     3 |     2 |    12 ||    17
  Throw: Javelin           |       |     2 |     2 ||     4
         Dart              |       |     4 |     7 ||    11
 Invoke: Berserk           |     4 |     3 |     5 ||    12
  Evoke: Wand              |       |       |     9 ||     9
    Use: Scroll            |       |     1 |     9 ||    10
 Armour: Animal skin       |    41 |    25 |     2 ||    68
         Troll leather arm |       |       |    83 ||    83
  Dodge: Dodged            |    56 |    27 |   126 ||   209
